Map: Dusk Towers

Players

Pokebunny

  • Race: Terran Terran
  • League: Grandmaster

ppgBubbles - Winner!

  • Race: Terran Terran
  • League: Master

VOD

Have the link to the VOD?

Description

Time

  • Played on: April 4, 2016, 9:47 p.m.
  • Length: 17:35
Show
View Real Time Build Order
Export as new Build Order

Pokebunny Terran 

Build Orders: Reaper Expand, Bio Tank 

Get SALT Encoding   

  12  0:01  SCV  
  13  0:13  SCV  
  14  0:17  Supply Depot  
  14  0:25  SCV  
  15  0:39  SCV  
  15  0:41  Barracks  
  16  0:43  Refinery  
  16  0:51  SCV  
  17  1:03  SCV  
  18  1:18  SCV  
  19  1:28  Reaper  
  19  1:30  Orbital Command  
  20  1:39  Command Center  
  20  1:49  Supply Depot  
  20  1:56  SCV  
  20  2:00  Marine  
  22  2:06  Factory  
  22  2:09  SCV  
  23  2:17  Refinery  
  23  2:18  Marine  
  23  2:21  SCV  
  25  2:36  Marine  
  24  2:45  SCV  
  25  2:53  Orbital Command  
  25  3:04  SCV  
  25  3:08  Factory Tech Lab, Marine  
  25  3:11  Starport  
  25  3:16  SCV  
  24  3:32  Siege Tank, Marine  
  27  3:38  SCV x2  
  29  3:50  SCV x2  
  29  3:52  Barracks Tech Lab  
  29  3:53  Barracks, Viking  
  33  4:04  Siege Tank  
  33  4:06  SCV  
  33  4:07  SCV  
  38  4:10  Marine  
  39  4:18  Supply Depot  
  39  4:19  SCV x2  
  39  4:21  Stimpack  
  41  4:28  Marine  
  42  4:32  Viking  
  42  4:37  Barracks  
  44  4:39  SCV x2  
  44  4:42  Supply Depot  
  44  4:44  Barracks Reactor  
  46  4:46  Marine  
  46  4:51  SCV x2  
  49  5:02  Siege Tank  
  49  5:03  Refinery, SCV x2  
  54  5:10  Starport Reactor  
  54  5:13  Marine  
  55  5:16  SCV x2  
  48  5:36  SCV x2  
  48  5:39  Barracks Reactor, Marine x3  
  53  5:47  Command Center  
  53  5:48  Refinery, SCV x2  
  55  5:51  Siege Tank  
  58  6:00  Marine x2, SCV x2  
  58  6:01  Supply Depot  
  62  6:21  Supply Depot  
  62  6:22  Marine x3, Medivac, SCV x2  
  62  6:23  Combat Shields  
  69  6:35  Supply Depot  
  69  6:40  Marine  
  69  6:43  Medivac  
  69  6:44  Siege Tank  
  69  6:45  SCV x2  
  77  6:51  Marine  
  78  6:57  Marine x3, Medivac  
  78  6:59  Supply Depot  
  78  7:01  Orbital Command  
  83  7:12  SCV x2  
  85  7:18  Marine  
  85  7:19  Marine x4  
  85  7:36  Siege Tank, Marine x2  
  90  7:37  Medivac  
  90  7:38  Medivac  
  90  7:41  Marine x3  
  97  7:49  Barracks  
  88  7:51  Barracks  
  86  8:05  Marine x3  
  76  8:07  Orbital Command  
  76  8:09  Marine x2  
  76  8:11  Siege Tank, Medivac x2  
  85  8:14  SCV  
  85  8:16  SCV  
  84  8:23  Marine x3  
  84  8:26  Marine  
  87  8:27  Marauder, SCV  
  87  8:28  SCV  
  92  8:39  Barracks Reactor, Barracks Tech Lab  
  92  8:41  Marine x3  
  92  8:42  SCV  
  96  8:49  Marauder, SCV x2  
  96  8:53  Supply Depot x2  
  96  8:54  Engineering Bay, SCV  
  101  8:58  Engineering Bay  
  93  9:08  SCV  
  93  9:09  SCV x2  
  96  9:21  SCV x3  
  96  9:23  Supply Depot  
  99  9:24  Terran Infantry Armor Level 1, Supply Depot, Terran Infantry Weapons Level 1  
  99  9:29  Marine  
  99  9:30  Marine x5, Marauder x2  
  104  9:47  Marine  
  104  9:50  Siege Tank  
  104  9:51  Viking x2  
  105  9:53  Marine x2  
  105  9:54  Marine x3, Marauder x2  
  105  9:55  Starport, SCV  
  105  9:56  SCV  
  105  9:57  Refinery  
  105  9:59  SCV  
  117  10:05  Supply Depot x2  
  117  10:18  SCV  
  117  10:19  SCV  
  94  10:28  Marine  
  94  10:29  Marine x5, Marauder x2  
  94  10:30  Siege Tank  
  94  10:32  SCV x2  
  94  10:34  Medivac x2  
  108  10:37  Command Center  
  108  10:42  Viking  
  110  10:45  Starport, SCV x2  
  110  10:46  Marine, SCV  
  114  10:59  Refinery  
  114  11:00  Armory  
  114  11:04  Marine x5, Marauder x2  
  116  11:05  Marine  
  116  11:10  Viking x2  
  128  11:12  Starport Tech Lab  
  128  11:15  Fusion Core  
  128  11:22  Siege Tank  
  128  11:23  Marine x6  
  141  11:26  Marauder x2  
  140  11:42  Liberator x2, Marine x4  
  140  11:43  Liberator x2  
  118  11:57  Marine x2  
  118  11:58  Siege Tank, Marauder x2  
  118  12:00  Marine  
  123  12:02  Advanced Ballistics  
  123  12:03  SCV x3  
  123  12:05  Orbital Command  
  123  12:06  Terran Infantry Weapons Level 2  
  126  12:15  Refinery x2  
  126  12:17  Terran Infantry Armor Level 2  
  126  12:18  Marine  
  126  12:19  Marine x5, Marauder  
  126  12:21  Marauder  
  136  12:30  Siege Tank  
  136  12:33  Factory  
  136  12:36  Marine x2  
  136  12:37  Marine  
  129  12:40  Marauder  
  129  12:42  Marauder  
  118  12:52  Marine x2  
  118  12:53  Marine  
  118  12:54  Marine x2  
  118  12:55  Viking x2  
  118  12:56  SCV x3  
  126  13:02  Marauder, SCV  
  126  13:03  Marauder  
  131  13:06  Siege Tank  
  131  13:08  SCV x3  
  131  13:12  Viking  
  139  13:21  Supply Depot x2, SCV x4  
  128  13:40  Medivac  
  128  13:41  Medivac x2  
  129  13:46  Command Center  
  131  14:00  Factory Tech Lab, Siege Tank  
  131  14:01  Marine x4, Marauder x2  
  141  14:09  SCV x4  
  145  14:10  Medivac  
  145  14:21  SCV x3  
  146  14:26  Siege Tank  
  146  14:30  Barracks  
  149  14:32  SCV  
  149  14:34  Barracks  
  149  14:36  Barracks  
  150  14:40  Marine x5, Marauder  
  156  14:57  Marine  
  156  14:58  Marine x3, Marauder  
  144  15:02  Marauder  
  117  15:18  Marine x2  
  117  15:19  Marine x4, Marauder  
  117  15:20  Barracks Tech Lab  
  117  15:21  Barracks Reactor  
  125  15:23  Barracks Reactor, Orbital Command  
  119  15:31  Marauder  
  121  15:36  Marine x4  
  128  15:42  Siege Tank  
  128  15:43  Siege Tank  
  130  15:58  Marine  
  130  15:59  Marine, Marauder  
  130  16:00  Marine x2, Marauder  
  122  16:08  Medivac  
  122  16:09  Marine x2, Medivac x2  
  122  16:10  Marine x4, Marauder  
  125  16:16  Siege Tank x2, Marine x2  
  133  16:19  SCV x2  
  133  16:20  SCV, Marauder  
  131  16:37  Marine x2  
  131  16:38  Marine x3, Marauder  
  131  16:39  Marine x6  
  110  16:41  Marine  
  110  16:43  Medivac x3  
  114  16:47  Medivac  
  114  16:50  Siege Tank  
  114  16:51  Siege Tank  
  122  16:56  Marine x3  
  122  16:57  Marine  
  126  17:06  Marine x5, Marauder  
  126  17:07  Marine, Marauder  
  136  17:15  Marine x4  
Show
View Real Time Build Order
Export as new Build Order

ppgBubbles Terran - Winner!

Build Orders: Reaper Expand, Mech 

Get SALT Encoding   

  12  0:01  SCV  
  13  0:13  SCV  
  14  0:17  Supply Depot  
  14  0:25  SCV  
  15  0:39  SCV  
  15  0:40  Barracks  
  16  0:44  Refinery  
  16  0:51  SCV  
  17  1:03  SCV  
  18  1:15  SCV  
  19  1:28  Orbital Command  
  19  1:29  Reaper  
  20  1:39  Command Center  
  20  1:51  Ghost Academy  
  20  1:53  SCV  
  21  1:58  Refinery  
  21  2:05  SCV  
  22  2:10  Barracks Tech Lab, Supply Depot  
  22  2:17  SCV  
  23  2:32  SCV  
  23  2:33  Ghost  
  25  2:44  SCV  
  25  2:52  Orbital Command  
  25  2:56  Factory, SCV  
  22  3:08  SCV  
  23  3:20  SCV  
  24  3:32  Ghost, SCV  
  26  3:34  SCV  
  27  3:42  Starport  
  27  3:44  SCV  
  27  3:46  SCV  
  29  3:49  Supply Depot  
  29  3:56  SCV  
  29  3:59  SCV  
  29  4:00  Ghost  
  33  4:07  Refinery  
  33  4:08  SCV  
  34  4:11  SCV  
  34  4:13  Supply Depot  
  35  4:18  Medivac  
  35  4:20  SCV  
  35  4:21  Armory  
  35  4:23  SCV  
  39  4:33  SCV  
  39  4:35  SCV  
  39  4:36  Factory Tech Lab  
  41  4:45  SCV  
  42  4:47  SCV  
  42  4:50  Command Center  
  42  4:52  Marine  
  44  4:57  SCV  
  44  4:59  Engineering Bay  
  46  5:09  Factory, SCV  
  46  5:12  SCV  
  47  5:14  Thor  
  54  5:21  SCV  
  54  5:24  SCV  
  53  5:33  SCV  
  48  5:36  SCV  
  48  5:37  Starport Reactor  
  49  5:43  Refinery  
  49  5:45  SCV  
  49  5:47  Barracks Reactor  
  49  5:48  SCV  
  49  5:49  Factory  
  51  5:53  Supply Depot  
  51  5:57  Supply Depot, SCV  
  51  5:58  Siege Tank  
  51  6:00  Siege Tank, SCV  
  59  6:05  Missile Turret  
  59  6:07  Missile Turret  
  59  6:11  Orbital Command  
  60  6:18  SCV x2  
  60  6:22  Medivac x2  
  65  6:30  SCV x2  
  65  6:32  Orbital Command  
  67  6:37  Siege Tank  
  70  6:41  Hellion x3  
  70  6:42  SCV x2  
  78  6:50  Supply Depot  
  78  6:51  Refinery  
  78  6:54  SCV  
  78  6:55  Supply Depot, SCV  
  78  6:57  SCV  
  81  7:02  Hellion x2  
  81  7:06  Siege Tank  
  81  7:07  SCV x2  
  90  7:11  Thor  
  90  7:12  SCV  
  97  7:15  Viking  
  97  7:17  Viking  
  101  7:23  Hellion  
  96  7:34  SCV  
  95  7:38  Thor  
  95  7:39  SCV  
  95  7:40  SCV  
  103  7:46  SCV  
  94  7:51  SCV  
  94  7:52  SCV  
  94  7:54  Hellion x2, Viking x2  
  98  7:58  SCV  
  98  8:01  Command Center  
  98  8:04  SCV x2  
  98  8:08  Refinery  
  98  8:10  SCV  
  99  8:15  Supply Depot  
  99  8:16  SCV x2  
  101  8:21  Hellion x2, Infernal Pre-Igniter  
  101  8:22  SCV  
  106  8:28  SCV x2  
  108  8:34  SCV  
  108  8:37  Supply Depot  
  108  8:39  Command Center, Terran Vehicle Weapons Level 1  
  108  8:40  SCV x2  
  111  8:41  Armory  
  111  8:44  Siege Tank  
  114  8:55  Hellion  
  116  8:59  Hellion, Thor  
  116  9:00  Supply Depot  
  124  9:04  Sensor Tower, SCV  
  124  9:06  Missile Turret x2  
  125  9:13  Viking x2, SCV x2  
  125  9:16  Orbital Command  
  131  9:18  Factory  
  131  9:19  Factory  
  131  9:23  Hellion  
  131  9:24  Hellion, Siege Tank  
  138  9:35  Terran Ship Weapons Level 1  
  136  9:49  SCV  
  127  9:53  Orbital Command  
  127  9:59  Viking x2, Command Center, Siege Tank  
  134  10:01  Hellion  
  134  10:02  Hellion, Factory Tech Lab, Command Center  
  134  10:03  Factory Tech Lab  
  138  10:08  Orbital Command  
  130  10:24  SCV  
  130  10:27  Siege Tank x2  
  130  10:28  Hellion x3  
  131  10:29  Viking  
  131  10:32  Hellion, SCV  
  131  10:33  SCV x3  
  139  10:44  Missile Turret  
  139  10:46  Refinery  
  139  10:49  Hellion x2  
  143  10:50  Refinery  
  143  11:00  Viking x2  
  143  11:01  Siege Tank, Thor x2  
  162  11:10  Starport x2  
  164  11:11  Hellion x2  
  164  11:13  Orbital Command  
  166  11:20  Missile Turret  
  166  11:24  Terran Vehicle Weapons Level 2  
  166  11:25  Fusion Core  
  166  11:27  Hellion  
  168  11:33  Hellion  
  170  11:40  Viking  
  170  11:41  Viking  
  170  11:44  Terran Ship Weapons Level 2  
  174  11:49  Hellion  
  168  11:54  Hellion  
  168  12:01  Planetary Fortress  
  168  12:10  Hellion  
  168  12:13  Building Armor  
  168  12:14  Starport Reactor, Starport Tech Lab  
  172  12:15  Viking  
  172  12:16  Hellion, Viking  
  172  12:17  Thor  
  172  12:18  Hellion, Refinery  
  172  12:19  Hellion x2, Missile Turret  
  172  12:20  Missile Turret x2  
  172  12:21  Missile Turret  
  172  12:22  Refinery  
  188  12:31  Hellion  
  192  12:37  Hellion  
  192  12:40  Hellion  
  192  12:42  Liberator  
  192  12:43  Liberator x2  
  176  12:53  Hellion  
  178  12:58  Hellion  
  178  13:00  Advanced Ballistics  
  178  13:03  Hellion  
  178  13:04  Hellion x2  
  193  13:08  Hellion  
  195  13:14  Hellion  
  195  13:17  Command Center  
  195  13:18  Command Center  
  199  13:20  Hellion  
  199  13:21  Armory  
  199  13:25  Liberator  
  187  13:35  Hellion  
  187  13:38  Thor x3  
  187  13:39  Thor  
  195  13:41  Hellion  
  198  13:57  Hellion  
  200  14:34  Hi-Sec Auto Tracking  
  200  14:35  Terran Vehicle And Ship Armor Level 1, Terran Vehicle Weapons Level 3  
  200  14:38  Terran Ship Weapons Level 3  
  200  14:45  Liberator x5  
  168  15:03  Thor  
  168  15:04  Hellion  
  168  15:05  Hellion x3  
  183  15:25  Siege Tank  
  183  15:26  Hellion x2  
  183  15:27  Liberator  
  183  15:28  Siege Tank, Liberator  
  193  15:30  Siege Tank  
  192  15:45  Viking  
  200  16:02  Siege Tank  
  182  16:16  Siege Tank x3  
  182  16:17  Hellion x2  
  195  16:34  Hellion  
  195  16:38  Hellion x2  
  183  16:48  Siege Tank x3  
  192  16:55  Siege Tank  
  192  16:56  Viking x2  
Tags
 
Add a new tag
Caveats
  • Supply blocks, unpowered buildings, or Contaminate may cause inaccurate times.
  • Supply counts are checked every 10 seconds.